 Dungeon Crawl Stone Soup version 0.17.1-3-g152610e (webtiles) character file.

5360 lepiPlod the Arsonist (level 10, -47/69 HPs)
             Began as a Hill Orc Fire Elementalist on Apr 5, 2016.
             Was a High Priest of Okawaru.
             Annihilated by a white very ugly thing (52 damage)
             ... on level 1 of the Abyss.
             The game lasted 01:12:45 (12011 turns).

lepiPlod the Arsonist (Hill Orc Fire Elementalist) Turns: 12011, Time: 01:12:46

Health: -47/69     AC: 12    Str: 15    XL:     10   Next: 65%
Magic:  19/19      EV: 11    Int: 18    God:    Okawaru [*****.]
Gold:   184        SH:  0    Dex: 11    Spells: 4 memorised, 8 levels left

rFire  . . .     SeeInvis .     a - +2 whip (elec)
rCold  . . .     Clarity  .     l - +0 ring mail
rNeg   + . .     SustAt   .     (no shield)
rPois  .         Gourm    .     (no helmet)
rElec  .         Spirit   .     K - +0 cloak
rCorr  +         Warding  .     E - +2 pair of gloves {Str+3}
rMut   .         Stasis   .     O - +0 pair of boots
MR     .....                    N - amulet of resist corrosion
Stlth  +.........               D - ring of wizardry
                                h - ring of positive energy

@: about to teleport, not resistant to hostile enchantments, very unstealthy
A: no striking features
a: Heroism, Finesse, Renounce Religion


You were on level 1 of the Abyss.
You worshipped Okawaru.
Okawaru was extremely pleased with you.
You were not hungry.

You visited 2 branches of the dungeon, and saw 10 of its levels.
You visited the Abyss 1 time.
You also visited: Ossuary.

You collected 319 gold pieces.
You spent 135 gold pieces at shops.

Inventory:

Hand Weapons
 a - a +2 whip of electrocution (weapon)
 b - a +0 blowgun
 f - a +0 hand axe
Missiles
 e - a throwing net (quivered)
 i - 68 poisoned needles
Armour
 l - a +0 ring mail (worn)
 E - a +2 pair of gloves of strength (worn)
 G - a +0 robe
 K - a +0 cloak (worn)
 O - a +0 pair of boots (worn)
Jewellery
 h - a ring of positive energy (left hand)
 z - a +4 ring of intelligence {unknown}
 D - a ring of wizardry (right hand)
 N - an amulet of resist corrosion (around neck)
 T - an uncursed ring of fire {unknown}
Wands
 q - a wand of digging (15)
 s - a wand of flame (11)
 A - a wand of flame (14)
 C - a wand of flame (18)
 H - a wand of confusion (5)
Scrolls
 g - 5 scrolls of remove curse
 k - 6 scrolls of identify
 m - a scroll of fear
 u - 2 scrolls of recharging
 w - a scroll of amnesia {unknown}
 x - a scroll of teleportation
 y - 2 scrolls of magic mapping {unknown}
 B - 4 scrolls of enchant armour {unknown}
 F - a scroll of random uselessness {unknown}
 J - a scroll of blinking {unknown}
 R - a scroll of noise {unknown}
Potions
 d - a potion of flight
 n - a potion of haste
 o - 2 potions of ambrosia
 r - a potion of curing
 t - 2 potions of cure mutation
 I - a potion of brilliance {unknown}
Books
 j - a book of Power

   Spells                             Type                      Level
   a - Fulminant Prism                Conjuration/Hexes            4
   b - Iskenderun's Mystic Blast      Conjuration                  4
   c - Venom Bolt                     Conjuration/Poison           5
   d - Bolt of Magma                  Conjuration/Fire/Earth       5
   e - Iron Shot                      Conjuration/Earth            6
   f - Orb of Destruction             Conjuration                  7
   g - Spellforged Servitor           Conjuration/Summoning        7
 P - a book of Flames

   Spells                             Type                      Level
   a - Flame Tongue                   Conjuration/Fire             1
   b - Throw Flame                    Conjuration/Fire             2
   c - Conjure Flame                  Conjuration/Fire             3
   d - Inner Flame                    Hexes/Fire                   3
   e - Sticky Flame                   Conjuration/Fire             4
   f - Fireball                       Conjuration/Fire             5
Miscellaneous
 S - a stone of tremors
Comestibles
 c - 6 bread rations
 p - 3 fruits
 v - 2 meat rations
 L - 3 beef jerkies
 M - 8 slices of pizza


   Skills:
 + Level 7.7 Axes
 - Level 7.3 Armour
 - Level 1.5 Dodging
 - Level 1.5 Stealth
 - Level 6.1 Spellcasting
 - Level 6.2 Conjurations
 + Level 9.1 Fire Magic


You had 8 spell levels left.
You knew the following spells:

 Your Spells              Type           Power        Failure   Level  Hunger
a - Flame Tongue          Conj/Fire      ####.        1%          1    None
b - Conjure Flame         Conj/Fire      ####....     1%          3    ##.....
c - Sticky Flame          Conj/Fire      ####....     4%          4    ####...
d - Fireball              Conj/Fire      ####......   12%         5    #####..


Dungeon Overview and Level Annotations

Branches:
Dungeon (9/15)             Temple (1/1) D:4
   Lair: D:8-11         Orc: D:9-12

Altars:
Ashenzari
Cheibriados
Dithmenos
Elyvilon
Fedhas
Gozag
Kikubaaqudgha
Makhleb
Nemelex Xobeh
Okawaru
Qazlal
Ru
Sif Muna
Trog
Vehumet
Xom
Yredelemnul
Zin
The Shining One

Shops:
D:5 *   D:7 %

Annotations:
D:9 Erolcha


Message History

The thrashing horror roars!
The thrashing horror tramples you but does no damage.
The thrashing horror tramples you.
* * * LOW HITPOINT WARNING * * *
You stumble backwards!
Found a scroll labeled ONELYERUSE and 22 gold pieces.
The thrashing horror barely misses you. The thrashing horror misses you.
You are suddenly pulled into a different region of the Abyss!
You start resting.
A white very ugly thing comes into view.
The white very ugly thing gurgles horribly!
Read which item? (? for menu, Esc to quit)
As you read the scroll of teleportation, it crumbles to dust.
You feel strangely unstable.
You feel the power of the Abyss delaying your translocation!
The white very ugly thing engulfs you!
* * * LOW HITPOINT WARNING * * *
The white very ugly thing freezes you!!!
Ouch! That really hurt!
You die...

## ###.#
###..# #
#..@## . #.
#.u#.# .#.
#.###..###..
# # #.
#..##. ..
..#....#..#
..
#...#.#.#..#
..#.#..##..
# #.#
....#...#..
. ###.
#..###.#


You could see a white very ugly thing.

Vanquished Creatures
  Pikel (D:6)
  Joseph (D:7)
  Eustachio (D:5)
  A steam dragon (D:7)
  A human (D:7)
  3 yaks
  A hungry ghost (D:7)
  Edmund (D:6)
  5 orc warriors
  A phantom (D:9)
  6 ogres
  A water moccasin (D:5)
  A slave (D:6)
  3 sky beasts
  A giant frog (D:7)
  3 big kobolds
  3 scorpions
  8 killer bees
  A crimson imp (D:6)
  A quasit (D:5)
  A centaur skeleton (D:4)
  2 giant frog skeletons
  3 orc priests
  3 hounds
  An iguana (D:8)
  2 jellies
  15 orc wizards
  5 worker ants
  2 sheep (D:7)
  A hound zombie (D:5)
  A mummy (D:6)
  5 adders
  3 gnolls (D:8)
  A shadow imp (D:6)
  2 oozes
  An adder skeleton (D:8)
  3 worms
  7 giant geckos
  46 orcs
  2 ball pythons
  7 bats
  3 bat skeletons (D:2)
  2 giant cockroaches (D:2)
  6 goblins
  6 hobgoblins
  2 quokkas
  A giant gecko zombie (D:8)
  2 giant newts
  2 goblin zombies (D:6)
  4 jackals
  21 kobolds
  A quokka skeleton (D:4)
  4 rats
211 creatures vanquished.

Vanquished Creatures (others)
  A slave (D:6)
  2 orc wizards (D:6)
  An iguana (D:6)
  A worker ant (D:6)
  An orc (D:6)
  A quokka (D:7)
  A ball python (D:6)
8 creatures vanquished.

Grand Total: 219 creatures vanquished

Notes
Turn   | Place    | Note
--------------------------------------------------------------
     0 | D:1      | lepiPlod the Hill Orc Fire Elementalist began the quest for the Orb.
     0 | D:1      | Reached XP level 1. HP: 14/14 MP: 3/3
   413 | D:1      | Reached XP level 2. HP: 20/20 MP: 1/5
   877 | D:2      | Reached XP level 3. HP: 26/26 MP: 1/6
   929 | D:2      | Learned a level 3 spell: Conjure Flame
  1193 | D:2      | Reached skill level 4 in Fire Magic
  1781 | D:3      | Reached XP level 4. HP: 33/33 MP: 2/7
  2195 | D:3      | Reached XP level 5. HP: 29/38 MP: 2/8
  4027 | D:3      | Reached skill level 5 in Conjurations
  4027 | D:3      | Reached XP level 6. HP: 28/45 MP: 5/9
  4444 | D:4      | Found a staircase to the Ecumenical Temple.
  4458 | Temple   | Entered the Ecumenical Temple
  4621 | Temple   | Became a worshipper of Warmaster Okawaru
  5143 | D:4      | Reached skill level 5 in Fire Magic
  5595 | D:4      | Reached XP level 7. HP: 50/50 MP: 3/10
  5641 | D:4      | Reached skill level 6 in Fire Magic
  5689 | D:4      | Learned a level 4 spell: Sticky Flame
  5729 | D:4      | Reached * piety under Okawaru
  5897 | D:4      | Reached skill level 1 in Armour
  5991 | D:4      | Found a sparkling altar of Nemelex Xobeh.
  6341 | D:5      | Entered Level 5 of the Dungeon
  6596 | D:5      | Found Ziroicvu's Assorted Antiques.
  6604 | D:5      | Bought a pair of runed gloves for 135 gold pieces
  6816 | D:5      | Reached XP level 8. HP: 52/57 MP: 2/11
  7451 | D:5      | Reached ** piety under Okawaru
  7817 | D:6      | Found a sand-covered staircase.
  7824 | Ossuary  | Entered an ossuary
  7824 | Ossuary  | Noticed Breadlance's ghost (amateur TrBe)
  7853 | D:6      | Noticed Pikel
  7879 | D:6      | Killed Pikel
  7879 | D:6      | Reached *** piety under Okawaru
  7879 | D:6      | Reached XP level 9. HP: 39/62 MP: 4/15
  8207 | D:6      | Noticed Eustachio
  8215 | D:5      | Killed Eustachio
  8314 | D:6      | Noticed Edmund
  8465 | D:6      | Killed Edmund
  8465 | D:6      | Reached skill level 7 in Armour
  8660 | D:6      | Learned a level 5 spell: Fireball
  8674 | D:6      | Found a snail-covered altar of Cheibriados.
  8674 | D:6      | Found a sparkling altar of Nemelex Xobeh.
  8676 | D:6      | Found a radiant altar of Vehumet.
  8679 | D:6      | Found a shimmering altar of Xom.
  8680 | D:6      | Found a burning altar of Makhleb.
  8680 | D:6      | Found a sacrificial altar of Ru.
  8680 | D:6      | Found a white marble altar of Elyvilon.
  8681 | D:6      | Found a blossoming altar of Fedhas.
  8683 | D:6      | Found a stormy altar of Qazlal.
  8684 | D:6      | Found a basalt altar of Yredelemnul.
  8685 | D:6      | Found an ancient bone altar of Kikubaaqudgha.
  8799 | D:6      | Reached skill level 5 in Spellcasting
  9061 | D:7      | Reached **** piety under Okawaru
  9340 | D:7      | Found Samuy's Food Emporium.
  9361 | D:7      | Reached skill level 1 in Axes
  9442 | D:7      | Reached XP level 10. HP: 44/69 MP: 2/19
  9821 | D:7      | Reached skill level 5 in Axes
  9894 | D:7      | Reached ***** piety under Okawaru
 10140 | D:7      | Noticed Joseph
 10152 | D:7      | Reached skill level 8 in Fire Magic
 10164 | D:7      | Killed Joseph
 11416 | D:8      | Reached skill level 9 in Fire Magic
 11909 | D:9      | Noticed Erolcha
 11922 | D:9      | Cast into the Abyss (Erolcha)
 11947 | Abyss:1  | Noticed a thrashing horror
 12001 | Abyss:1  | Noticed a white very ugly thing
 12011 | Abyss:1  | Annihilated by a white very ugly thing

Action                   |  1- 3 |  4- 6 |  7- 9 | 10-12 || total
-------------------------+-------+-------+-------+-------++-------
Melee: Hand axe          |    69 |    18 |       |       ||    87
       Unarmed           |     3 |       |       |       ||     3
       Falchion          |       |    72 |   121 |       ||   193
       Whip              |       |       |   140 |   110 ||   250
 Fire: Blowgun           |       |       |       |    74 ||    74
 Cast: Flame Tongue      |    36 |    86 |    45 |     7 ||   174
       Conjure Flame     |       |     1 |     4 |     2 ||     7
       Sticky Flame      |       |       |    30 |    20 ||    50
       Fireball          |       |       |     2 |       ||     2
Invok: Heroism           |       |       |       |     1 ||     1
  Use: Scroll            |       |     8 |       |     5 ||    13
       Potion            |       |     1 |       |     3 ||     4
 Stab: Sleeping          |     2 |       |       |       ||     2
  Eat: Chunk             |     3 |     4 |    20 |    11 ||    38
       Meat ration       |       |     1 |     1 |       ||     2
       Bread ration      |       |     1 |       |       ||     1
       Beef jerky        |       |       |     1 |       ||     1
